 Dungeon Crawl Stone Soup version 0.21.1-1-g345015f (webtiles) character file.

3432 vatarom the Merchant of Misery (level 9, -10/72 HPs)
             Began as a Demonspawn Necromancer on Apr 1, 2018.
             Was a Believer of Kikubaaqudgha.
             Mangled by a two-headed ogre
             ... wielding a cursed -2 giant club
              (22 damage)
             ... on level 9 of the Dungeon.
             The game lasted 00:23:13 (9621 turns).

vatarom the Merchant of Misery (DsNe)               Turns: 9621, Time: 00:23:15

Health: -10/72     AC:  6    Str:  7 (10) XL:     9   Next: 77%
Magic:  6/19       EV:  2    Int: 15 (18) God:    Kikubaaqudgha [**....]
Gold:   175        SH:  0    Dex: -3 (14) Spells: 3/22 levels left

rFire    . . .     SeeInvis .   t - +2 whip (pain)
rCold    . . .     Gourm    .   (no shield)
rNeg     + . .     Faith    .   v - +1 robe {rN+}
rPois    .         Spirit   .   (no helmet)
rElec    .         Reflect  .   (no cloak)
rCorr    +         Harm     .   g - +0 pair of gloves
MR       +....                  (no boots)
Stlth    ..........             e - amulet of magic regeneration
HPRegen  0.22/turn              s - ring of resist corrosion
MPRegen  0.41/turn              A - ring of protection from magic

@: slowed, lost dexterity, very slow
A: talons 2, rugged brown scales 2
a: Receive Corpses, Renounce Religion


You were on level 9 of the Dungeon.
You worshipped Kikubaaqudgha.
Kikubaaqudgha was pleased with you.
You were very hungry.

You visited 2 branches of the dungeon, and saw 10 of its levels.

You collected 240 gold pieces.
You spent 65 gold pieces at shops.

Inventory:

Hand Weapons
 k - a +3 scythe of slicing
 t - a +2 whip of pain (weapon)
Armour
 g - a +0 pair of gloves (worn)
 v - a +1 robe of positive energy (worn)
 w - a +0 ring mail
Jewellery
 e - an amulet of magic regeneration (around neck)
 i - an uncursed amulet of regeneration
 s - a ring of resist corrosion (left hand)
 A - a ring of protection from magic (right hand)
Wands
 B - a wand of flame (33)
Scrolls
 h - 3 scrolls of enchant armour
 j - a scroll of fear {unknown}
 l - 3 scrolls of remove curse
 m - 7 scrolls of magic mapping
 x - 3 scrolls of identify
 y - a scroll of fog
Potions
 d - a potion of resistance
 f - a potion of haste
 n - 3 potions of lignification
 o - 2 potions of ambrosia {unknown}
 u - a potion of might {unknown}
 z - 2 potions of flight
Books
 a - Kikubaaqudgha's Papyrus of Evil Magic
   (Kikubaaqudgha gifted it to you on level 5 of the Dungeon)

   Spells                             Type                      Level
   a - Animate Skeleton               Necromancy                   1
   b - Pain                           Necromancy                   1
   c - Sublimation of Blood           Necromancy                   2
   d - Vampiric Draining              Necromancy                   3
 b - a book of Necromancy

   Spells                             Type                      Level
   a - Pain                           Necromancy                   1
   b - Animate Skeleton               Necromancy                   1
   c - Vampiric Draining              Necromancy                   3
   d - Regeneration                   Charms/Necromancy            3
   e - Animate Dead                   Necromancy                   4
   f - Borgnjor's Vile Clutch         Necromancy/Earth             5
Comestibles
 c - 16 rations


   Skills:
 + Level 5.9 Fighting
 - Level 1.7 Dodging
 - Level 1.7 Stealth
 + Level 7.2 Spellcasting
 * Level 10.4 Necromancy
 * Level 4.3 Earth Magic


You had 3 spell levels left.
You knew the following spells:

 Your Spells              Type           Power        Failure   Level  Hunger
a - Pain                  Necr           ####         1%          1    None
b - Animate Skeleton      Necr           N/A          1%          1    None
c - Vampiric Draining     Necr           #####.....   1%          3    ##.....
d - Regeneration          Chrm/Necr      ###.......   4%          3    ##.....
e - Sublimation of Blood  Necr           #####.....   1%          2    None
f - Borgnjor's Vile Clut  Necr/Erth      ####......   17%         5    #####..
g - Animate Dead          Necr           N/A          1%          4    ####...


Dungeon Overview and Level Annotations

Branches:
Dungeon (9/15)             Temple (1/1) D:6
   Lair: D:8-11         Orc: D:9-12

Altars:
Ashenzari
Cheibriados
Dithmenos
Elyvilon
Fedhas
Gozag
Hepliaklqana
Kikubaaqudgha
Makhleb
Nemelex Xobeh
Okawaru
Qazlal
Ru
Sif Muna
Trog
Uskayaw
Vehumet
Wu Jian
Xom
Yredelemnul
Zin
The Shining One

Shops:
D:7 !


Innate Abilities, Weirdness & Mutations

You have razor-sharp toenails.
You are mostly covered in rugged brown scales. (AC +2, +5% HP)


Message History

A two-headed ogre comes into view.
It is wielding a giant club and a giant spiked club.
A two-headed ogre is nearby!
Casting: Pain
Confirm with . or Enter, or press ? or * to list all spells.
Aiming: Pain
Press: ? - help, Shift-Dir - straight line, f - two-headed ogre
Aim: a two-headed ogre, wielding a giant club and a giant spiked club (chance to defeat MR: 71%)
The two-headed ogre struggles to resist.
Casting: Pain
Confirm with . or Enter, or press ? or * to list all spells.
Aiming: Vampiric Draining
Press: ? - help, Shift-Dir - straight line, f/p - two-headed ogre
Aim: a two-headed ogre, wielding a giant club and a giant spiked club The two-headed ogre is lightly wounded.
You feel life coursing into your body.
The two-headed ogre hits you with a giant club!
* * * LOW HITPOINT WARNING * * *
The two-headed ogre hits you with a giant spiked club!!
You die...
Kikubaaqudgha rasps: "You have failed me!
Welcome... death!"

###########
.......O@.#
%......###.#
......# .#
..?... .#
..... .#
..... .#
.... . .≈≈≈


You could see a two-headed ogre.

Vanquished Creatures
  Psyche (D:8)
  Sigmund (D:4)
  4 black bears
  An ice beast (D:6)
  2 sky beasts
  An orc warrior (D:7)
  4 centaurs
  4 ogres
  A big kobold (D:8)
  Blork the orc (D:4)
  2 bullfrogs (D:6)
  3 scorpions
  A crimson imp (D:6)
  2 quasits (D:7)
  A bullfrog zombie (D:7)
  A centaur skeleton (D:6)
  6 orc priests
  4 hounds
  4 jellies
  6 orc wizards
  A bullfrog skeleton (D:5)
  A gnoll shaman (D:8)
  An iguana (D:4)
  4 worker ants
  7 gnolls
  6 adders
  2 shadow imps
  4 worms
  2 adder skeletons
  2 dart slugs (D:1)
  2 leopard geckos
  24 orcs
  6 bats
  4 giant cockroaches
  5 goblins
  9 hobgoblins
  10 jackals
  5 kobolds
  A quokka (D:5)
  A ball python (D:4)
  4 frilled lizards
  2 quokka skeletons
  10 rats
163 creatures vanquished.

Notes
Turn   | Place    | Note
-------+----------+-------------------------------------------
     0 | D:1      | vatarom the Demonspawn Necromancer began the quest for the Orb.
     0 | D:1      | Reached XP level 1. HP: 13/13 MP: 3/3
   280 | D:1      | Gained mutation: You have sharp toenails. [demonic ancestry]
   280 | D:1      | Reached XP level 2. HP: 19/20 MP: 3/5
   554 | D:1      | Reached skill level 1 in Fighting
   758 | D:1      | You fall through a shaft!
   779 | D:1      | Learned a level 1 spell: Animate Skeleton
   845 | D:1      | Reached skill level 5 in Necromancy
   845 | D:1      | Gained mutation: You are partially covered in rugged brown scales. (AC +1, +3% HP) [demonic ancestry]
   845 | D:1      | Reached XP level 3. HP: 20/26 MP: 3/6
  1294 | D:1      | Learned a level 3 spell: Vampiric Draining
  1711 | D:2      | Found a bloodstained altar of Trog.
  2450 | D:2      | Gained mutation: You have razor-sharp toenails. [demonic ancestry]
  2450 | D:2      | Reached XP level 4. HP: 26/32 MP: 0/7
  2515 | D:2      | Learned a level 3 spell: Regeneration
  3541 | D:4      | Gained mutation: You are mostly covered in rugged brown scales. (AC +2, +5% HP) [demonic ancestry]
  3541 | D:4      | Reached XP level 5. HP: 32/39 MP: 6/9
  3649 | D:4      | Reached skill level 6 in Necromancy
  4041 | D:4      | Noticed Blork the orc
  4049 | D:4      | Killed Blork the orc
  4049 | D:4      | Reached XP level 6. HP: 17/48 MP: 6/11
  4289 | D:4      | Found an ancient bone altar of Kikubaaqudgha.
  4344 | D:4      | Found a shimmering altar of Xom.
  4367 | D:4      | Found a shimmering altar of Xom.
  4403 | D:4      | Became a worshipper of Kikubaaqudgha
  4428 | D:4      | Noticed a hand axe
  4432 | D:4      | Found a sparkling altar of Nemelex Xobeh.
  4432 | D:4      | Noticed a hand axe
  4434 | D:4      | Found a shimmering altar of Xom.
  4447 | D:4      | You fall through a shaft for 3 floors!
  4447 | D:7      | Found Celixtoi's Distillery.
  4461 | D:7      | Bought a potion of heal wounds for 65 gold pieces
  4471 | D:5      | Entered Level 5 of the Dungeon
  4912 | D:5      | Reached skill level 7 in Necromancy
  4912 | D:5      | Reached XP level 7. HP: 26/54 MP: 9/13
  5266 | D:4      | Noticed Sigmund
  5284 | D:4      | Killed Sigmund
  5284 | D:4      | Reached skill level 5 in Spellcasting
  5403 | D:4      | Found a hide-covered altar of Uskayaw.
  5584 | D:5      | Reached * piety under Kikubaaqudgha
  5584 | D:5      | Identified Kikubaaqudgha's Papyrus of Evil Magic (Kikubaaqudgha gifted it to you on level 5 of the Dungeon)
  5584 | D:5      | Received a gift from Kikubaaqudgha
  5594 | D:5      | Learned a level 2 spell: Sublimation of Blood
  5737 | D:5      | Found a burning altar of Makhleb.
  5738 | D:5      | Noticed an Executioner
  5743 | D:5      | Noticed a ynoxinul
  5743 | D:5      | Noticed a hellwing
  5791 | D:5      | Reached skill level 8 in Necromancy
  5791 | D:5      | Reached XP level 8. HP: 35/63 MP: 7/16
  6268 | D:6      | Found a glowing silver altar of Zin.
  6322 | D:6      | Found a staircase to the Ecumenical Temple.
  6374 | D:6      | Learned a level 5 spell: Borgnjor's Vile Clutch
  6376 | Temple   | Entered the Ecumenical Temple
  6500 | D:6      | Reached skill level 9 in Necromancy
  6898 | D:7      | Reached skill level 5 in Fighting
  6898 | D:7      | Reached skill level 1 in Earth Magic
  7110 | D:7      | Reached XP level 9. HP: 54/71 MP: 14/18
  7288 | D:7      | Learned a level 4 spell: Animate Dead
  7575 | D:7      | Reached ** piety under Kikubaaqudgha
  8022 | D:7      | Lost dexterity.
  8257 | D:7      | Found a snail-covered altar of Cheibriados.
  8257 | D:7      | Found a hazy altar of Hepliaklqana.
  8258 | D:7      | Found a shadowy altar of Dithmenos.
  8258 | D:7      | Found a glowing golden altar of the Shining One.
  9007 | D:8      | Found a basalt altar of Yredelemnul.
  9131 | D:8      | Noticed Psyche
  9136 | D:8      | Killed Psyche
  9136 | D:8      | Reached skill level 10 in Necromancy
  9620 | D:9      | Noticed a two-headed ogre
  9621 | D:9      | Mangled by a two-headed ogre

Skill      XL: |  1  2  3  4  5  6  7  8  9 |
---------------+----------------------------+-----
Fighting       | 1 2 3 4 5 |  5.9
Necromancy     | 5 6 7 8 9 10 | 10.4
Spellcasting   | 3 4 5 6 7 |  7.2
Earth Magic    | 1 4 |  4.3
Dodging        | |  1.7
Stealth        | |  1.7

Action                   |  1- 3 |  4- 6 |  7- 9 || total
-------------------------+-------+-------+-------++-------
Melee: Unarmed           |     2 |       |       ||     2
       Dagger            |    43 |    10 |       ||    53
       Kick              |    10 |     6 |    38 ||    54
       Whip              |       |    47 |   271 ||   318
 Cast: Pain              |    86 |    63 |   113 ||   262
       Animate Skeleton  |     3 |     5 |    11 ||    19
       Vampiric Draining |     1 |     6 |    49 ||    56
       Regeneration      |       |       |     8 ||     8
       Animate Dead      |       |       |     5 ||     5
       Borgnjor's Vile C |       |       |     1 ||     1
  Use: Scroll            |     4 |     5 |     6 ||    15
       Potion            |       |     2 |     8 ||    10
 Stab: Sleeping          |     1 |       |     3 ||     4
  Eat: Chunk             |     5 |     7 |     1 ||    13
       Ration            |       |     1 |     5 ||     6
Armor: Robe              |    23 |    17 |   286 ||   326
       Skin              |       |       |    74 ||    74
Dodge: Dodged            |    52 |    43 |   322 ||   417
